 Dungeon Crawl Stone Soup version 0.29-a0-887-gcbe080d7e0 (webtiles) character file.

Game seed: 15519161583623096511

133 valliere the Conjurer (level 4, 21/24 HPs)
             Began as a Deep Elf Conjurer on July 21, 2022.
             Was a Follower of Kikubaaqudgha.
             Quit the game on level 3 of the Dungeon.
             The game lasted 00:07:28 (2649 turns).

valliere the Conjurer (Deep Elf Conjurer)           Turns: 2649, Time: 00:07:29

Health: 21/24      AC:  3    Str:  4    XL:     4   Next: 93%
Magic:  6/12       EV: 12    Int: 25    God:    Kikubaaqudgha [*.....]
Gold:   87         SH:  0    Dex: 13    Spells: 10/11 levels left

rFire   . . .      SeeInvis .   f - +0 dagger
rCold   . . .      Faith    .   (no shield)
rNeg    . . .      Spirit   .   c - +0 leather armour {rPois}
rPois   +          Reflect  .   (no helmet)
rElec   .          Harm     .   (no cloak)
rCorr   .          Rampage  .   (no gloves)
Will    .....                   (no boots)
Stlth   ++........              n - amulet of the acrobat
HPRegen 0.08/turn               (no ring)
MPRegen 0.13/turn               (no ring)

@: no status effects
A: no striking features
a: Renounce Religion, Unearth Wretches


You were on level 3 of the Dungeon.
You worshipped Kikubaaqudgha.
Kikubaaqudgha was aware of your devotion.
You visited 1 branch of the dungeon, and saw 3 of its levels.

You collected 87 gold pieces.

Inventory:

Hand Weapons
 f - a +0 dagger (weapon)
Missiles
 g - 15 stones
Armour
 a - a +0 robe
 c - a +0 leather armour of poison resistance (worn)
Jewellery
 n - an amulet of the acrobat (around neck)
Scrolls
 d - 3 scrolls of teleportation {unknown}
 e - 3 scrolls of identify {unknown}
 h - a scroll of enchant weapon {unknown}
 i - a scroll of fear {unknown}
 j - a scroll of brand weapon {unknown}
 o - a scroll of noise {unknown}
Potions
 b - a potion of magic
 k - 2 potions of invisibility {unknown}
 l - a potion of might {unknown}
 m - a potion of brilliance {unknown}


   Skills:
 + Level 3.6 Dodging
 + Level 3.7 Stealth
 + Level 4.1 Spellcasting
 + Level 5.0 Conjurations
 + Level 1.5 Necromancy


You had 10 spell levels left.
You knew the following spells:

 Your Spells              Type           Power      Damage    Failure   Level
a - Magic Dart            Conj           100%       1d8       1%          1

Your spell library contained the following spells:

 Spells                   Type           Power      Damage    Failure   Level
 Searing Ray              Conj           60%        2d6       3%          2
 Necrotise                Necr           52%        1d6       9%          1
 Sublimation of Blood     Necr           13%        N/A       13%         2
 Dazzling Flash           Conj/Hex       34%        N/A       17%         3
 Vampiric Draining        Necr           13%        2d6       26%         3
 Inner Flame              Hex/Fire       5%         N/A       43%         3
 Fulminant Prism          Conj/Hex       8%         3d7       50%         4
 Iskenderun's Mystic Bla  Conj/Tloc      17%        2d5       50%         4
 Anguish                  Hex/Necr       4%         N/A       75%         4
 Cause Fear               Hex            2%         N/A       85%         4
 Starburst                Conj/Fire      8%         6d4       100%        6
 Discord                  Hex            2%         N/A       100%        8


Dungeon Overview and Level Annotations

Branches:
Dungeon (3/15)

Altars:
Kikubaaqudgha
Ru
The Shining One

Shops:
D:1 :   D:3 *

Annotations:
D:3 2 runed translucent doors, BeAPotato's ghost, amateur OgTm


Message History

A bat is nearby!
The magic dart hits the bat.
You kill the bat!
Kikubaaqudgha accepts your kill.
You can't see any susceptible monsters within range! (Use Z to cast anyway.) 2 orcs come into view.
Found a scroll labelled SOQAUH DITH and a dagger.
The magic dart hits the orc.
The orc is moderately wounded.
The magic dart hits the orc but does no damage.
The orc is moderately wounded.
The magic dart hits the orc!
You kill the orc!
Kikubaaqudgha accepts your kill.
The magic dart hits the orc.
You kill the orc!
Kikubaaqudgha accepts your kill.
You can't see any susceptible monsters within range! (Use Z to cast anyway.)
o - a scroll labelled SOQAUH DITH
Found Otiwn's General Store.
An orc priest comes into view. It is wielding a +0 trident.
Okay, then.
The magic dart hits the orc priest.
The orc priest is moderately wounded.
The magic dart hits the orc priest.
The orc priest is heavily wounded.
The magic dart hits the orc priest.
The orc priest is heavily wounded.
The magic dart hits the orc priest.
The orc priest is severely wounded.
The magic dart hits the orc priest.
The orc priest is almost dead.
The orc priest mumbles some strange prayers to Beogh against you.
Pain shoots through your body!
The magic dart hits the orc priest.
You kill the orc priest!
Kikubaaqudgha accepts your kill.
Your Conjurations skill increases to level 5!
You can't see any susceptible monsters within range! (Use Z to cast anyway.) Are you sure you want to abandon this character and quit the game? (Confirm with "yes".)

........
........##########
########
....)..#.......#
...).........#.#
.............#.#
...)...†.....#.#
.............#.#
.....).......#.#
.............#.#
.......@.......#
.∩...###########
... .


There were no monsters in sight!

Vanquished Creatures
  A hound (D:3)
  An orc priest (D:3)
  7 worms
  2 dart slugs
  2 orcs (D:3)
  4 endoplasms (D:1)
  2 goblins (D:1)
  7 hobgoblins
  3 quokkas
  7 ball pythons
  4 bats
  A frilled lizard (D:1)
  4 kobolds
  6 rats
51 creatures vanquished.

Vanquished Creatures (others)
  5 toadstools (D:1)
5 creatures vanquished.

Grand Total: 56 creatures vanquished

Notes
Turn   | Place    | Note
-------+----------+-------------------------------------------
     0 | D:1      | valliere the Deep Elf Conjurer began the quest for the Orb.
     0 | D:1      | Reached XP level 1. HP: 10/10 MP: 6/6
   331 | D:1      | Reached XP level 2. HP: 15/15 MP: 5/8
   824 | D:1      | Found Apietodgh's Book Shoppe.
  1190 | D:2      | Reached XP level 3. HP: 19/19 MP: 7/10
  1484 | D:2      | Found a faded altar of an unknown god.
  1490 | D:2      | Prayed at the altar of an unknown god.
  1490 | D:2      | Became a worshipper of Kikubaaqudgha
  1490 | D:2      | Reached * piety under Kikubaaqudgha
  1490 | D:2      | Received a gift from Kikubaaqudgha
  1559 | D:2      | Found a sacrificial altar of Ru.
  2038 | D:3      | Found a glowing golden altar of the Shining One.
  2061 | D:3      | Reached skill level 1 in Necromancy
  2061 | D:3      | Reached XP level 4. HP: 24/24 MP: 7/11
  2096 | D:3      | Found a large runed translucent door.
  2099 | D:3      | Found a large runed translucent door.
  2108 | D:3      | Noticed BeAPotato's ghost (amateur OgTm)
  2641 | D:3      | Found Otiwn's General Store.
  2649 | D:3      | Reached skill level 5 in Conjurations
  2649 | D:3      | Quit the game

Illustrated notes

Levels and vault maps discovered:
D:1:      ldierk_walled_garden, layout_basic, serial_shops,
          nicolae_shop_statue_plus, wad_floor_pattern_1
D:2:      layout_basic, basic_altar,
          dreamdust_ecumenical_altar_angels_and_demons
D:3:      layout_basic, tso_metal_star, serial_shops, shop,
          ebering_ghost_disaster_area, nicolae_wormholes

Skill      XL: |  1  2  3  4 |
---------------+-------------+-----
Stealth        | 3 |  3.7
Dodging        | 3 |  3.6
Necromancy     | 1 |  1.5
Spellcasting   | 4 |  4.1
Conjurations   | 5 |  5.0

Action                   |  1- 3 |  4- 6 || total
-------------------------+-------+-------++-------
Melee: Dagger            |       |     6 ||     6
 Cast: Magic Dart        |    95 |    46 ||   141
Dodge: Dodged            |     4 |       ||     4

Table legend: (Time is in decaauts)
 A = Elapsed time spent in this place.
 B = Non-inter-level travel time spent in this place.
 C = Inter-level travel time spent in this place.
 D = Time resting spent in this place.
 E = Time spent auto-exploring this place.
 F = Levels seen in this place.
 G = Mean time per level.
                   A        B        C        D        E       F      G
               +--------+--------+--------+--------+--------+-----+--------+
         Total |   2651 |   2558 |     93 |    309 |   1807 |   3 |  883.7 |
       Dungeon |   2651 |   2558 |     93 |    309 |   1807 |   3 |  883.7 |
               +--------+--------+--------+--------+--------+-----+--------+

Top non-repeatable levels by time:
     D:1: 1263 daAuts
     D:3: 795 daAuts
     D:2: 592 daAuts
